 Dungeon Crawl Stone Soup version 0.17-a0-1093-g0b3cd89 (webtiles) character file.

128 Hanyuu the Insei (level 5, -2/33 HPs)
             Began as an Octopode Transmuter on May 20, 2015.
             Killed from afar by Vivisectus's ghost (14 damage)
             ... with a spray of energy
             ... on level 4 of the Dungeon.
             The game lasted 00:10:26 (2870 turns).

Hanyuu the Insei (Octopode Transmuter)              Turns: 2870, Time: 00:10:26

Health: -2/33      AC:  2    Str:  9    XL:     5   Next: 12%
Magic:  5/8        EV: 19    Int: 17    God:
Gold:   28         SH:  0    Dex: 17    Spells: 3 memorised, 2 levels left

rFire  . . .     SeeInvis .       - Unarmed
rCold  . . .     Clarity  .     (shield currently unavailable)
rNeg   . . .     SustAb   .     (helmet currently unavailable)
rPois  x         Gourm    .     (no amulet)
rElec  .         Spirit   .     q - ring of fire
rCorr  .         Warding  .     r - ring of ice
rMut   .         Stasis   .     v - ring of stealth
MR     .....                    (no ring)
Stlth  ++........               (no ring)
                                (no ring)
                                (no ring)
                                (no ring)

@: confused, lethally poisoned (-2 -> -14), spider-form (expiring), not
resistant to hostile enchantments, unstealthy
A: almost no armour, amphibious, 8 rings, (constrict 8), (camouflage 0),
(gelatinous body 0)
a: End Transformation


You were on level 4 of the Dungeon.
You were not hungry.
You were a venomous arachnid creature.
You visited 1 branch of the dungeon, and saw 4 of its levels.

You collected 158 gold pieces.
You spent 130 gold pieces at shops.

Inventory:

Missiles
 a - 12 arrows
 g - 6 javelins (quivered)
 h - 13 poisoned needles
 l - a throwing net
 p - 11 sling bullets
Jewellery
 q - a ring of fire (left front leg)
 r - a ring of ice (right front leg)
 v - a ring of stealth (on tentacle)
Magical devices
 e - a wand of fire (11)
Scrolls
 f - 4 scrolls of remove curse
 m - a scroll of immolation
 x - a scroll of teleportation {unknown}
Potions
 i - 2 potions of curing
 j - 2 potions of flight
 s - a potion of ambrosia
 t - a potion of lignification {unknown}
 u - a potion of brilliance {unknown}
 z - a potion of heal wounds
 A - a potion of might
 B - a potion of agility
Books
 b - a book of Changes

   Spells                             Type                      Level
   a - Beastly Appendage              Transmutation                1
   b - Sticks to Snakes               Transmutation                2
   c - Spider Form                    Transmutation/Poison         3
   d - Ice Form                       Ice/Transmutation            4
   e - Blade Hands                    Transmutation                5
Comestibles
 c - 3 bread rations
 d - a slice of pizza
 k - 9 chunks of flesh
 n - a beef jerky
 o - 2 meat rations
 w - 6 fruits


   Skills:
 - Level 1.0 Fighting
 - Level 2.0 Dodging
 + Level 5.3 Unarmed Combat
 - Level 2.0 Spellcasting
 * Level 2.7 Transmutations


You had 2 spell levels left.
You knew the following spells:

 Your Spells              Type           Power        Failure   Level  Hunger
a - Beastly Appendage     Trmt           ##....       24%         1    #......
b - Sticks to Snakes      Trmt           ##........   28%         2    ###....
c - Spider Form           Trmt/Pois      #.........   61%         3    ###....


Dungeon Overview and Level Annotations

Branches:
Dungeon (4/15)
 Temple: D:4-7

Altars:
Elyvilon
Nemelex Xobeh
Ru

Shops:
D:4 !

Annotations:
D:4 Vivisectus's ghost, experienced DECj


Innate Abilities, Weirdness & Mutations

You cannot wear most types of armour.
You are amphibious.
You can wear up to eight rings at the same time.
((You can use your tentacles to constrict eight enemies at once.))
((Your skin changes colour to match your surroundings (Stealth).))
((Your rubbery body absorbs attacks (AC +1).))


Message History

Confirm with . or Enter, or press ? or * to list all spells.
You turn into a venomous arachnid creature.
Vivisectus's ghost casts a spell at you.
The magic dart hits you!
There is an open door here.
You hit Vivisectus's ghost.
Vivisectus's ghost is lightly damaged.
Vivisectus's ghost closely misses you.
You hit Vivisectus's ghost but do no damage.
Vivisectus's ghost is lightly damaged.
Your transformation is almost over.
Vivisectus's ghost casts a spell at you.
The spray of energy hits you!
You are confused.
You bump into the rock wall.
Vivisectus's ghost hits you.
You are lethally poisoned!
You feel sick.
Vivisectus's ghost casts a spell at you.
The spray of energy hits you!
You die...

##+###### +........
. #....... ....
#....... ....
#......# .....
.##......##......
..................
........s.........
......W...........#
'#######'##.......#
###.....##.......#
..................#
..................#
###.######........#
.. ..#........#
###.####.##.......+


You could see Vivisectus's ghost.

Vanquished Creatures
  A worker ant (D:4)
  3 adders
  An ooze (D:2)
  3 worms
  8 orcs
  A ball python (D:2)
  6 bats
  2 giant cockroaches
  4 goblins
  7 hobgoblins
  3 giant geckos
  3 giant newts
  8 kobolds
  A quokka (D:4)
  7 rats
58 creatures vanquished.

Vanquished Creatures (others)
  A hobgoblin (D:3)
1 creature vanquished.

Grand Total: 59 creatures vanquished

Notes
Turn   | Place    | Note
--------------------------------------------------------------
     0 | D:1      | Hanyuu the Octopode Transmuter began the quest for the Orb.
     0 | D:1      | Reached XP level 1. HP: 13/13 MP: 3/3
   129 | D:1      | Reached XP level 2. HP: 18/18 MP: 5/5
   635 | D:2      | Reached skill level 4 in Unarmed Combat
   648 | D:2      | Reached XP level 3. HP: 19/23 MP: 6/6
   661 | D:2      | Learned a level 2 spell: Sticks to Snakes
   665 | D:2      | Learned a level 3 spell: Spider Form
  1327 | D:2      | Found a sparkling altar of Nemelex Xobeh.
  1803 | D:2      | Reached XP level 4. HP: 24/28 MP: 7/7
  2051 | D:3      | Found a white marble altar of Elyvilon.
  2241 | D:3      | Reached skill level 5 in Unarmed Combat
  2713 | D:4      | Reached XP level 5. HP: 30/33 MP: 6/8
  2814 | D:4      | Found Ydido's Distillery.
  2820 | D:4      | Bought a potion of heal wounds for 50 gold pieces
  2820 | D:4      | Bought a potion of might for 40 gold pieces
  2820 | D:4      | Bought a potion of agility for 40 gold pieces
  2832 | D:4      | Found a sacrificial altar of Ru.
  2857 | D:4      | Noticed Vivisectus's ghost (experienced DECj)
  2870 | D:4      | Killed from afar by Vivisectus's ghost

Vault maps used:
D:1:      dpeg_arrival_shelter, roderic_lattice_a
D:2:      nemelex_spade_bored_becter
D:3:      elyvilon_altar_4
D:4:      nicolae_ru_sacrificial_ziggurat, serial_shops, shop,
          dk_rats_in_the_wall

Action                   |  1- 3 |  4- 6 || total
-------------------------+-------+-------++-------
Melee: Unarmed           |    92 |    58 ||   150
 Cast: Beastly Appendage |     2 |     6 ||     8
       Spider Form       |       |     1 ||     1
  Use: Scroll            |       |     6 ||     6
 Stab: Sleeping          |     6 |     3 ||     9
  Eat: Chunk             |     3 |     3 ||     6
